 Dungeon Crawl Stone Soup version 0.24.0-13-gcf9b3192b9 (webtiles) character file.

Game seed: 8560932965713105135, levelgen mode: deterministic

531 Gildeon the Magician (level 7, -11/38 HPs)
             Began as a Deep Elf Conjurer on Nov 5, 2019.
             Was a Believer of Nemelex Xobeh.
             Killed from afar by a twister (18 damage)
             ... with a tornado
             ... summoned by a card of wild magic
             ... on level 5 of the Dungeon.
             The game lasted 00:28:46 (4949 turns).

Gildeon the Magician (Deep Elf Conjurer)            Turns: 4949, Time: 00:28:46

Health: -11/38     AC:  5    Str:  5    XL:     7   Next: 3%
Magic:  1/17       EV: 15    Int: 22    God:    Nemelex Xobeh [**....]
Gold:   201        SH:  0    Dex: 15    Spells: 3/17 levels left

rFire    . . .     SeeInvis .   s - +0 dagger (venom)
rCold    . . .     Gourm    .   (no shield)
rNeg     . . .     Faith    .   a - +0 robe
rPois    .         Spirit   .   (no helmet)
rElec    .         Reflect  .   o - +1 cloak
rCorr    .         Harm     .   (no gloves)
MR       .....                  r - +0 pair of boots
Stlth    +++.......             (no amulet)
HPRegen  0.12/turn              (no ring)
MPRegen  0.15/turn              (no ring)

@: flying (expiring)
A: no striking features
a: Draw Escape, Draw Destruction, Draw Summoning, Renounce Religion


You were on level 5 of the Dungeon.
You worshipped Nemelex Xobeh.
Nemelex Xobeh was pleased with you.
You were not hungry.

You visited 2 branches of the dungeon, and saw 6 of its levels.

You collected 201 gold pieces.

Inventory:

Hand Weapons
 h - a +0 whip
 s - a +0 dagger of venom (weapon)
Missiles
 e - 104 stones (quivered)
Armour
 a - a +0 robe (worn)
 l - a +1 leather armour of magic resistance
 o - a +1 cloak (worn)
 r - a +0 pair of boots (worn)
Wands
 k - a wand of acid (8)
Scrolls
 d - 2 scrolls of identify
 f - a scroll of amnesia
 g - a scroll of enchant weapon
 i - a scroll of remove curse
 j - 3 scrolls of teleportation
 m - 2 scrolls of magic mapping
 p - 2 scrolls of enchant armour
 t - a scroll of blinking {unknown}
Potions
 b - a potion of mutation
 n - 2 potions of lignification
Comestibles
 c - 12 rations


   Skills:
 + Level 1.5 Fighting
 - Level 5.2 Dodging
 - Level 5.0 Stealth
 + Level 5.8 Spellcasting
 - Level 5.0 Conjurations
 + Level 1.8 Evocations


You had 3 spell levels left.
You knew the following spells:

 Your Spells              Type           Power        Failure   Level  Hunger
a - Magic Dart            Conj           ####         1%          1    None
b - Searing Ray           Conj           ####..       1%          2    None
c - Dazzling Spray        Conj/Hex       ###...       10%         3    ##.....
d - Iskenderun's Mystic   Conj           ####....     12%         4    ####...
e - Fulminant Prism       Conj/Hex       ###.......   32%         4    ####...

Your spell library contained the following spells:

 Spells                   Type           Power        Failure   Level  Hunger
 Force Lance              Conj/Tloc      ###.....     32%         4    ####...


Dungeon Overview and Level Annotations

Branches:
Dungeon (5/15)             Temple (1/1) D:4

Altars:
Ashenzari
Dithmenos
Fedhas
Gozag
Hepliaklqana
Kikubaaqudgha
Makhleb
Nemelex Xobeh
Okawaru
Qazlal
Ru
Sif Muna
Trog
Uskayaw
Vehumet
Wu Jian
Xom
Zin
The Shining One


Message History

The crimson imp grinds its teeth.
The crimson imp blinks!
You draw a card...
You have drawn Wild Magic.
The vortex of raging winds lifts you up.
You fly up into the air.
A huge vortex of air appears!
The crimson imp is caught in an explosion of flying shrapnel!
The explosion engulfs the crimson imp!!
You kill the crimson imp!
You have reached level 7!
You feel a surge of magic. The jackal barely misses you. The jackal bites you.
You hit the jackal but do no damage.
The jackal looks as sick as possible!
The jackal is almost dead.
You float gracefully downwards.
The vortex of raging winds lifts you up.
You fly up into the air.
The jackal dies!
* * * LOW HITPOINT WARNING * * *
You are engulfed in raging winds.
You die...
Your body disappears without a glow.

............'..#
#..###'#######'#
#..###.##
##..#######
........#
#.........#
........#
#.........#
#########
##........#
#+###§#####
#§§§§§§§..#
#§§§@§§§..#
#§§§§v§§..#
#§§§§§§§..#
####+#§§§.#
§§†.# §§§.# ...#
...#


You could see a friendly twister.

Vanquished Creatures
  An ogre (D:3)
  A crimson imp (D:5)
  A hound (D:4)
  3 orc wizards
  2 bullfrog skeletons (D:4)
  An orc priest (D:3)
  Natasha (D:2)
  A worker ant (D:4)
  A hound zombie (D:5)
  3 adders
  An ooze (D:1)
  An adder skeleton (D:4)
  2 worms
  4 leopard geckos
  9 orcs
  8 giant cockroaches
  15 goblins
  6 hobgoblins
  16 jackals
  2 quokkas
  9 bats
  3 frilled lizards
  6 kobolds
  A quokka skeleton (D:4)
  3 rats
101 creatures vanquished.

Vanquished Creatures (collateral kills)
  A jackal (D:5)
1 creature vanquished.

Grand Total: 102 creatures vanquished

Notes
Turn   | Place    | Note
-------+----------+-------------------------------------------
     0 | D:1      | Gildeon the Deep Elf Conjurer began the quest for the Orb.
     0 | D:1      | Reached XP level 1. HP: 10/10 MP: 6/6
   279 | D:1      | You fall into a shaft and drop 1 floor!
   320 | D:2      | Found an iron altar of Okawaru.
   338 | D:2      | Reached XP level 2. HP: 12/15 MP: 0/8
   347 | D:2      | Learned a level 2 spell: Searing Ray
   830 | D:1      | Reached XP level 3. HP: 19/19 MP: 3/10
   838 | D:1      | Learned a level 3 spell: Dazzling Spray
  1730 | D:2      | Reached skill level 5 in Conjurations
  1769 | D:2      | Found a sparkling altar of Nemelex Xobeh.
  1770 | D:2      | Noticed Natasha
  1777 | D:2      | Killed Natasha
  1777 | D:2      | Reached XP level 4. HP: 11/24 MP: 4/12
  1784 | D:2      | Learned a level 4 spell: Iskenderun's Mystic Blast
  1966 | D:2      | Became a worshipper of Nemelex Xobeh the Trickster
  2112 | D:2      | Received a gift from Nemelex Xobeh
  2137 | D:2      | Found an opulent altar of Gozag.
  2600 | D:3      | Received a gift from Nemelex Xobeh
  2750 | D:3      | Reached XP level 5. HP: 28/28 MP: 14/14
  2829 | D:3      | Reached * piety under Nemelex Xobeh
  3002 | D:3      | Reached skill level 5 in Spellcasting
  3169 | D:3      | Learned a level 4 spell: Fulminant Prism
  3202 | D:3      | Found a blossoming altar of Fedhas.
  3256 | D:3      | Noticed an ogre
  3308 | D:3      | Killed an ogre
  3308 | D:3      | Reached skill level 5 in Dodging
  3308 | D:3      | Reached XP level 6. HP: 32/32 MP: 11/15
  3358 | D:4      | Received a gift from Nemelex Xobeh
  3454 | D:4      | Reached skill level 5 in Stealth
  3803 | D:4      | Found a staircase to the Ecumenical Temple.
  3812 | Temple   | Entered the Ecumenical Temple
  4064 | D:4      | Reached skill level 1 in Fighting
  4064 | D:4      | Reached skill level 1 in Evocations
  4226 | D:4      | Reached ** piety under Nemelex Xobeh
  4230 | D:4      | Found a glowing golden altar of the Shining One.
  4238 | D:4      | Found an ancient bone altar of Kikubaaqudgha.
  4384 | D:4      | Received a gift from Nemelex Xobeh
  4625 | D:5      | Entered Level 5 of the Dungeon
  4946 | D:5      | Reached XP level 7. HP: 32/38 MP: 1/17
  4949 | D:5      | Killed from afar by a twister

Levels and vault maps discovered:
D:1:      eino_arrival_cavern_e, layout_basic
D:2:      layout_loops_ring, lemuel_crystal_altar,
          nicolae_overflow_crystal_walls, first_ration,
          nemelex_spade_bored_becter, uniq_natasha
D:3:      layout_basic, fedhas_altar_2, st_stairs_8, minmay_ogre_servants
D:4:      layout_basic, amethyst_overflow_temple_binary,
          minmay_temple_entry_glassed_door
D:5:      layout_gridville, lemuel_zombie_altar_yredelemnul
Temple:   eino_temple_water

Skill      XL: |  1  2  3  4  5  6 |
---------------+-------------------+-----
Dodging        | 3 4 5 |  5.2
Spellcasting   | 4 5 |  5.8
Conjurations   | 5 |  5.0
Stealth        | 3 4 5 |  5.0
Fighting       | 1 |  1.5
Evocations     | 1 |  1.8

Action                   |  1- 3 |  4- 6 |  7- 9 || total
-------------------------+-------+-------+-------++-------
Melee: Hand axe          |     7 |       |       ||     7
       Unarmed           |     8 |       |       ||     8
       Club              |     4 |       |       ||     4
       Dagger            |       |     6 |     1 ||     7
 Cast: Magic Dart        |    92 |   158 |       ||   250
       Searing Ray       |       |     2 |       ||     2
 Abil: Draw Destruction  |       |     4 |     1 ||     5
  Use: Scroll            |     2 |     6 |       ||     8
       Potion            |     2 |       |       ||     2
  Eat: Chunk             |     2 |    10 |       ||    12
Armor: Robe              |    19 |    12 |       ||    31
Dodge: Dodged            |    87 |    41 |     1 ||   129
